 Dungeon Crawl Stone Soup version 0.32-a0-732-ga344392067 (webtiles) character file.

Game seed: 15086369086645562683

61 gimp the Chopper (level 3, -1/51 HPs)
             Began as a Minotaur Berserker on Mar 17, 2024.
             Was a Believer of Trog.
             Slain by a gnoll
             ... wielding a +0 flail
              (10 damage)
             ... on level 2 of the Dungeon.
             The game lasted 00:01:47 (793 turns).

gimp the Chopper (Minotaur Berserker)                Turns: 793, Time: 00:01:47

Health: -1/51      AC:  2    Str: 23    XL:     3   Next: 83%
Magic:  2/2        EV: 11    Int:  4    God:    Trog [**....]
Gold:   61         SH:  0    Dex:  9    Spells: 2/2 levels left

rFire   . . .        a - +0 hand axe
rCold   . . .        (no shield)
rNeg    . . .        b - +0 animal skin
rPois   .            (helmet restricted)
rElec   .            (no cloak)
rCorr   .            (no gloves)
SInv    .            (no boots)
Will    .....        (no amulet) Stlth
                     (no ring)
HPRegen 0.28/turn    (no ring)
MPRegen 0.08/turn

%: no passive effects
@: berserking, very quick
A: horns 2, retaliatory headbutt
a: Renounce Religion, Berserk, Trog's Hand


You were on level 2 of the Dungeon.
You worshipped Trog.
Trog was pleased with you.
You visited 1 branch of the dungeon, and saw 2 of its levels.

You collected 61 gold pieces.

Inventory:

Hand Weapons
 a - a +0 hand axe (weapon)
Armour
 b - a +0 animal skin (worn)
Scrolls
 f - a scroll of noise {unknown}
 g - a scroll of revelation {unknown}
 h - a scroll of fog {unknown}
 i - a scroll of enchant armour {unknown}
 k - a scroll of identify {unknown}
Potions
 c - 2 potions of curing {unknown}
 d - a potion of invisibility {unknown}
 e - a potion of mutation {unknown}
 j - a potion of degeneration {unknown}


   Skills:
 + Level 4.5 Fighting
 * Level 5.2 Axes
 - Level 2.4 Armour
 - Level 2.1 Dodging


You had 2 spell levels left.
You didn't know any spells.
Your spell library was empty.

Dungeon Overview and Level Annotations

Branches:
Dungeon (2/15)

Altars:


Innate Abilities, Weirdness & Mutations

You have a pair of horns on your head.
You reflexively headbutt those who attack you in melee.


Message History

The goblin unwields a +0 sling.
The goblin wields a +0 dagger.
The goblin barely misses you.
You barely miss the goblin. You headbutt the goblin.
You kill the goblin!
Trog accepts your kill.
No target in view!
No target in view!
Things that are here:
a +0 dagger; a +0 sling; a goblin corpse
There is an escape hatch in the floor here.
Found a whip.
Health restored: 34 A goblin comes into view.
It is wielding a +0 dagger.
Found a stone staircase leading down.
A goblin is nearby!
A goblin is nearby!
The goblin closely misses you. You furiously retaliate!
You headbutt the goblin. You closely miss the goblin.
The goblin is heavily wounded.
The goblin hits you with a +0 dagger.
You take 2 damage, and have 32/34 hp.
You barely miss the goblin.
You headbutt the goblin, but do no damage.
The goblin is heavily wounded.
The goblin hits you but does no damage.
You hit the goblin.
You kill the goblin!
Trog accepts your kill.
No target in view!
No target in view!
Things that are here:
a +0 dagger; a goblin corpse
Found a sling.
Health restored: 34 You see here a +0 sling.
Found an escape hatch in the ceiling.
A bat and an endoplasm come into view.
There are monsters nearby!
There are monsters nearby!
An adder skeleton comes into view.
Found a leather armour.
The endoplasm quivers.
The bat closely misses you.
You slash the endoplasm!
You kill the endoplasm!
Trog accepts your kill. The bat hits you but does no damage.
The bat hits you but does no damage.
You miss the bat. The bat hits you but does no damage. x2
You closely miss the bat. You headbutt the bat.
You kill the bat!
Trog accepts your kill.
You closely miss the adder skeleton. The adder skeleton barely misses you.
You furiously retaliate!
You headbutt the adder skeleton!
Your Axes skill increases to level 5!
You hit the adder skeleton.
You destroy the adder skeleton!
Trog accepts your kill.
No target in view!
Found a book of Touch. 2 gnolls come into view.
Found a whip.
The gnoll shouts!
There are monsters nearby!
There are monsters nearby!
Found a quarterstaff.
A gnoll comes into view. It is wielding a +0 flail.
The gnoll shouts!
The gnoll hits you with a +0 spear. The gnoll hits you with a +0 whip.
You take 11 damage, and have 23/34 hp.
MASSIVE DAMAGE!!
A red film seems to cover your vision as you go berserk!
You feel yourself moving faster!
You feel mighty! The gnoll hits you with a +0 spear.
You now have 30/51 hp.
You closely miss the gnoll. You barely miss the gnoll.
The gnoll hits you with a +0 whip. The gnoll closely misses you.
You take 4 damage, and have 26/51 hp.
You closely miss the gnoll. You barely miss the gnoll. You hit the gnoll.
The gnoll hits you with a +0 spear! The gnoll hits you with a +0 whip!
* * * LOW HITPOINT WARNING * * *
The gnoll closely misses you.
You take 17 damage, and have 9/51 hp.
MASSIVE DAMAGE!!
You are too injured to fight recklessly!
You are too injured to fight recklessly!
You completely miss the gnoll. You headbutt the gnoll.
The gnoll is severely wounded.
You closely miss the gnoll. You barely miss the gnoll. The gnoll misses you.
The gnoll closely misses you. You furiously retaliate!
You headbutt the gnoll!
You kill the gnoll!
Trog accepts your kill. The gnoll barely misses you.
You barely miss the gnoll. You slash the gnoll! You slash the gnoll!
You headbutt the gnoll.
The gnoll is almost dead.
You slash the gnoll!
You kill the gnoll!
Trog accepts your kill. The gnoll hits you with a +0 flail!
You die...

... ..#
#......#..#####
..##..#
#.............#
..# ..#
#####...#####.###
..#
#....P#.......#
###
#....ß#.#######
..ß...#.####
##.ß.......#
##........#
#...)@...#
#....)g..#
#........#
#.......:#
#).......#
.....)....#
....#.......
....#........


You could see a gnoll.

Vanquished Creatures
  2 gnolls (D:2)
  An adder (D:2)
  An adder skeleton (D:2)
  A dart slug (D:2)
  3 endoplasms
  A giant cockroach (D:1)
  7 goblins
  6 kobolds (D:1)
  A quokka (D:1)
  6 ball pythons (D:1)
  5 bats
  2 frilled lizards (D:1)
  3 rats (D:1)
39 creatures vanquished.

Notes
Turn   | Place    | Note
-------+----------+-------------------------------------------
     0 | D:1      | gimp the Minotaur Berserker began the quest for the Orb.
     0 | D:1      | Reached XP level 1. HP: 19/19 MP: 0/0
    66 | D:1      | Reached skill level 4 in Axes
    80 | D:1      | Reached XP level 2. HP: 27/27 MP: 1/1
   403 | D:1      | Reached ** piety under Trog
   494 | D:1      | Reached XP level 3. HP: 33/33 MP: 2/2
   779 | D:2      | Reached skill level 5 in Axes
   793 | D:2      | Slain by a gnoll

Illustrated notes

Levels and vault maps discovered:
D:1:      eino_arrival_cavern_d, layout_basic
D:2:      layout_basic, basic_altar, serial_undead, serial_undead_c,
          serial_undead_d, serial_undead_a, serial_undead_c

Skill      XL: |  1  2  3 |
---------------+----------+-----
Axes           | 4 5 |  5.2
Fighting       | 4 |  4.5
Armour         | |  2.4
Dodging        | |  2.1

Action                     || total
---------------------------++-------
  Melee: Hand axe          ||    69
         Headbutt          ||     9
 Invoke: Berserk           ||     1
 Armour: Animal skin       ||    62
  Dodge: Dodged            ||    45

Table legend: (Time is in decaauts)
 A = Elapsed time spent in this place.
 B = Non-inter-level travel time spent in this place.
 C = Inter-level travel time spent in this place.
 D = Time resting spent in this place.
 E = Time spent auto-exploring this place.
 F = Levels seen in this place.
 G = Mean time per level.
                   A        B        C        D        E       F      G
               +--------+--------+--------+--------+--------+-----+--------+
         Total |    796 |    774 |     22 |      0 |    569 |   2 |  398.0 |
       Dungeon |    796 |    774 |     22 |      0 |    569 |   2 |  398.0 |
               +--------+--------+--------+--------+--------+-----+--------+

Top non-repeatable levels by time:
     D:1: 659 daAuts
     D:2: 137 daAuts
